 Dungeon Crawl Stone Soup version 0.26-a0-812-g31a745ddcd (webtiles) character file.

Game seed: 7724898033411712203

660 kae the Ruffian (level 7, 0/61 HPs)
             Began as a Naga Transmuter on Nov 30, 2020.
             Slain by Edmund
             ... wielding a +3 flail of draining
              (3 damage)
             ... on level 5 of the Dungeon.
             The game lasted 00:03:19 (4611 turns).

kae the Ruffian (Naga Transmuter)                   Turns: 4611, Time: 00:03:20

Health: 0/61       AC:  2    Str: 15    XL:     7   Next: 56%
Magic:  11/11      EV: 19    Int: 13    God:
Gold:   212        SH:  0    Dex: 16    Spells: 8/12 levels left

rFire    . . .     SeeInvis +     - Unarmed
rCold    . . .     Faith    .   (shield currently unavailable)
rNeg     . . .     Spirit   .   (armour currently unavailable)
rPois    x         Reflect  .   (helmet currently unavailable)
rElec    .         Harm     .   (cloak currently unavailable)
rCorr    .         Rampage  .   (gloves currently unavailable)
MR       .....                  (no barding)
Stlth    +.........             j - amulet of magic regeneration
HPRegen  0.20/turn              (no ring)
MPRegen  0.37/turn              (no ring)

@: spider-form (expiring), heavily drained
A: tiny, see invisible, spit poison 1, AC +2
a: Spit Poison, End Transformation


You were on level 5 of the Dungeon.
You were a venomous arachnid creature.
You visited 1 branch of the dungeon, and saw 5 of its levels.

You collected 212 gold pieces.

Inventory:

Hand Weapons
 k - a +8 dagger of speed (melded)
Armour
 a - a +0 robe (melded)
 w - a +0 helmet (melded)
Jewellery
 j - an amulet of magic regeneration (around neck)
 r - an uncursed amulet of reflection
Wands
 n - a wand of digging (5)
 v - a wand of polymorph (6)
Scrolls
 b - 2 scrolls of amnesia
 c - 4 scrolls of blinking
 d - a scroll of remove curse
 f - a scroll of fear {unknown}
 l - 3 scrolls of identify
 p - a scroll of magic mapping {unknown}
 x - a scroll of teleportation
Potions
 e - a potion of mutation
 g - 4 potions of haste {unknown}
 h - 3 potions of brilliance {unknown}
 i - a potion of cancellation {unknown}
 m - a potion of invisibility
 o - a potion of attraction
 q - a potion of flight
 s - a potion of berserk rage {unknown}
 t - a potion of curing
 z - a potion of magic {unknown}


   Skills:
 + Level 2.9(1.3) Fighting
 + Level 2.9(1.3) Dodging
 * Level 5.2(3.5) Unarmed Combat
 + Level 3.2(1.6) Spellcasting
 * Level 4.6(3.0) Transmutations


You had 8 spell levels left.
You knew the following spells:

 Your Spells              Type           Power        Failure   Level
a - Beastly Appendage     Tmut           #.....       21%         1
b - Spider Form           Tmut/Pois      #.........   61%         3

Your spell library contained the following spells:

 Spells                   Type           Power        Failure   Level
 Wereblood                Tmut           #.......     28%         2
 Ice Form                 Ice/Tmut       #.......     92%         4
 Blade Hands              Tmut           #.........   98%         5


Dungeon Overview and Level Annotations

Branches:
Dungeon (5/15)
 Temple: D:4-7

Altars:
Ru
Xom
Yredelemnul

Annotations:
D:5 Edmund


Innate Abilities, Weirdness & Mutations

You cannot wear boots.
((Your serpentine skin is tough. (AC +2)))
You have supernaturally acute eyesight. (SInv)
((Armour fits poorly on your strangely shaped body.))
((Your system is resistant to poisons. (rPois)))
((You cover ground very slowly.))
You can spit poison.


Message History

You feel drained.
* * * LOW HITPOINT WARNING * * *
You barely miss Edmund.
Edmund is heavily wounded.
Edmund misses you.
You hit Edmund but do no damage.
Edmund is severely wounded.
You feel much better.
Edmund hits you with a +3 flail of draining!
* * * LOW HITPOINT WARNING * * *
You feel drained.
You bite Edmund!
Edmund is almost dead.
Edmund misses you.
You hit Edmund.
Edmund is almost dead.
Edmund hits you with a +3 flail of draining!
* * * LOW HITPOINT WARNING * * *
You feel drained.
You die...

........#......##
...#...##.##.#..# .#
...#...........[###.#
.....#.......#....#.#
#...##.....###..#...#
....##..##.###......###
#......###...#.# .....#
#.....## ###...##...#
#...#.# ###.....s@#
#.....###...#####.#
#..#...##.## .#
#..........#### .#
..............# ..
...........##.#####
.......##.........
.......###."##..#
....†...))...#


You could see Edmund (very poisoned).

Vanquished Creatures
  An ice beast (D:3)
  Blork the orc (D:5)
  A scorpion (D:5)
  A howler monkey (D:4)
  A hound (D:4)
  3 orc wizards
  Jessica (D:3)
  5 worker ants (D:4)
  4 adders
  6 worms
  2 dart slugs (D:1)
  3 leopard geckos
  9 orcs
  3 giant cockroaches
  11 goblins
  5 hobgoblins
  14 jackals
  5 kobolds
  3 quokkas
  A ball python (D:3)
  2 bats (D:3)
  8 frilled lizards
  4 rats
94 creatures vanquished.

Notes
Turn   | Place    | Note
-------+----------+-------------------------------------------
     0 | D:1      | kae the Naga Transmuter began the quest for the Orb.
     0 | D:1      | Reached XP level 1. HP: 18/18 MP: 3/3
   227 | D:1      | Reached XP level 2. HP: 25/25 MP: 3/5
   837 | D:2      | Reached XP level 3. HP: 26/31 MP: 4/6
   842 | D:2      | Learned a level 3 spell: Spider Form
  1385 | D:2      | You fall into a shaft and drop 1 floor!
  1406 | D:3      | Reached XP level 4. HP: 34/38 MP: 1/7
  1550 | D:3      | Noticed an ice beast
  1597 | D:3      | Noticed Jessica
  1602 | D:3      | Killed Jessica
  1681 | D:2      | Reached XP level 5. HP: 45/45 MP: 8/8
  2200 | D:2      | Reached skill level 4 in Unarmed Combat
  2980 | D:3      | Killed an ice beast
  2980 | D:3      | Reached XP level 6. HP: 41/52 MP: 7/10
  3078 | D:3      | Found a sacrificial altar of Ru.
  3258 | D:3      | Found a basalt altar of Yredelemnul.
  3768 | D:4      | Found a shimmering altar of Xom.
  4322 | D:4      | Reached XP level 7. HP: 61/61 MP: 11/11
  4458 | D:5      | Entered Level 5 of the Dungeon
  4469 | D:5      | Reached skill level 5 in Unarmed Combat
  4540 | D:5      | Noticed Blork the orc
  4553 | D:5      | Killed Blork the orc
  4588 | D:5      | Noticed Edmund
  4606 | D:5      | HP: 2/61 [Edmund/+3 flail of draining (2)]
  4611 | D:5      | HP: 3/61 [Edmund/+3 flail of draining (10)]
  4611 | D:5      | Slain by Edmund

Illustrated notes

Levels and vault maps discovered:
D:1:      denvon_arrival_planthouse, layout_basic
D:2:      layout_basic, minmay_misc_feat_nine_boxes, minmay_unequal
D:3:      layout_basic, nicolae_overflow_crystal_walls,
          nicolae_ru_great_annihilating_truth, st_stairs_13, uniq_jessica
D:4:      layout_loops_corners, xom_teletrap_fun
D:5:      layout_rooms, lemuel_crystal_altar, minmay_temple_entry_wispy,
          st_stairs_3, uniq_pikel, uniq_edmund, uniq_blork_the_orc

Skill      XL: |  1  2  3  4  5  6  7 |
---------------+----------------------+-----
Dodging        | 2 |  2.9
Transmutations | 3 4 |  4.6
Unarmed Combat | 4 5 |  5.2
Fighting       | 2 |  2.9
Spellcasting   | 3 |  3.2

Action                   |  1- 3 |  4- 6 |  7- 9 || total
-------------------------+-------+-------+-------++-------
Melee: Unarmed           |    12 |    33 |    21 ||    66
       Headbutt          |    10 |     5 |     5 ||    20
       Dagger            |    53 |   125 |    20 ||   198
       Punch             |       |     1 |       ||     1
 Cast: Beastly Appendage |    15 |    18 |     5 ||    38
       Spider Form       |     1 |     3 |     2 ||     6
 Abil: Spit Poison       |    19 |    26 |     6 ||    51
  Use: Scroll            |       |    21 |       ||    21
       Potion            |       |       |     1 ||     1
 Stab: Paralysed         |       |     1 |       ||     1
       Sleeping          |       |     1 |       ||     1
Armor: Robe              |     6 |    26 |     3 ||    35
       Skin              |       |     2 |       ||     2
Dodge: Dodged            |    37 |    88 |    23 ||   148

Table legend: (Time is in decaauts)
 A = Elapsed time spent in this place.
 B = Non-inter-level travel time spent in this place.
 C = Inter-level travel time spent in this place.
 D = Time resting spent in this place.
 E = Time spent auto-exploring this place.
 F = Levels seen in this place.
 G = Mean time per level.
                   A        B        C        D        E       F      G
               +--------+--------+--------+--------+--------+-----+--------+
         Total |   5483 |   5254 |    229 |    266 |   4274 |   5 | 1096.6 |
       Dungeon |   5483 |   5254 |    229 |    266 |   4274 |   5 | 1096.6 |
               +--------+--------+--------+--------+--------+-----+--------+

Top non-repeatable levels by time:
     D:2: 1945 daAuts
     D:4: 1358 daAuts
     D:3: 1097 daAuts
     D:1: 920 daAuts
     D:5: 161 daAuts
